 Dungeon Crawl Stone Soup version 0.22.0-49-gab54619 (webtiles) character file.

8607 poirepourri the Cleaver (level 11, -3/110 HPs)
             Began as a Deep Dwarf Fighter on Sept 4, 2018.
             Was a Follower of Makhleb.
             Slain by an ancient zyme (10 damage)
             ... on level 2 of the Abyss.
             The game lasted 00:07:24 (5657 turns).

poirepourri the Cleaver (Deep Dwarf Fighter)        Turns: 5657, Time: 00:07:24

Health: -3/110     AC: -11   Str: 26    XL:     11   Next: 12%
Magic:  5/5        EV:  7    Int:  8    God:    Makhleb [*.....]
Gold:   407        SH: 14    Dex: 15    Spells: 10/10 levels left

rFire    . . .     SeeInvis .   a - +0 war axe
rCold    . . .     Gourm    .   c - +4 shield
rNeg     . . .     Faith    .   b - +0 scale mail
rPois    +         Spirit   .   (no helmet)
rElec    .         Reflect  .   C - +0 cloak
rCorr    .         Harm     .   D - +0 pair of gloves
MR       +....                  (no boots)
Stlth    ..........             (no amulet)
HPRegen  0.00/turn              t - +3 ring of protection
MPRegen  0.09/turn              y - ring of poison resistance

@: mighty, corroded, non-regenerating, badly diseased
A: damage resistance, heal wounds, sense surroundings 2, no regeneration
a: Heal Wounds, Renounce Religion


You were on level 2 of the Abyss.
You worshipped Makhleb.
Makhleb was aware of your devotion.
You were full.

You visited 1 branch of the dungeon, and saw 9 of its levels.
You visited the Abyss 1 time.
You also visited: Ossuary.

You collected 407 gold pieces.

Inventory:

Hand Weapons
 a - a +0 war axe (weapon)
Missiles
 i - 9 javelins (quivered)
 m - 18 bolts
 q - 2 tomahawks
Armour
 b - a +0 scale mail (worn)
 c - a +4 shield (worn)
 C - a +0 cloak (worn)
 D - a +0 pair of gloves (worn)
Jewellery
 e - an uncursed ring of protection from cold
 t - a +3 ring of protection (left hand)
 x - an uncursed amulet of faith
 y - a ring of poison resistance (right hand)
 z - an uncursed amulet of the gourmand
 A - an uncursed ring of protection from magic
Wands
 g - a wand of random effects (25)
 k - a wand of flame (33)
Scrolls
 d - a scroll of blinking
 h - 6 scrolls of teleportation
 j - 6 scrolls of remove curse
 l - a scroll of identify
 u - a scroll of acquirement {unknown}
Potions
 n - 3 potions of haste
 o - a potion of flight
 r - 3 potions of magic
 s - a potion of brilliance
 w - a potion of mutation
Comestibles
 f - 12 rations


   Skills:
 - Level 10.6 Fighting
 - Level 13.1 Axes
 - Level 3.2 Armour
 - Level 3.2 Shields
 + Level 6.2 Evocations


You had 10 spell levels left.
You didn't know any spells.
Your spell library contained the following spells:

 Spells                   Type           Power        Failure   Level  Hunger
 Confusing Touch          Hex            #.....       99%         1    ##.....
 Corona                   Hex            #......      99%         1    ##.....
 Summon Small Mammal      Summ           #...         99%         1    ##.....
 Call Imp                 Summ           #.......     100%        2    ###....
 Ensorcelled Hibernation  Hex/Ice        #.....       100%        2    ###....
 Call Canine Familiar     Summ           #.......     100%        3    ####...
 Confuse                  Hex            #.......     100%        3    ####...
 Dazzling Spray           Conj/Hex       #.....       100%        3    ####...
 Gell's Gravitas          Tloc           #.........   100%        3    ####...
 Summon Guardian Golem    Hex/Summ       #.......     100%        3    ####...
 Tukima's Dance           Hex            #.......     100%        3    ####...
 Petrify                  Tmut/Erth      #.......     100%        4    #####..
 Summon Ice Beast         Ice/Summ       #.......     100%        4    #####..
 Summon Lightning Spire   Summ/Air       #.......     100%        4    #####..
 Metabolic Englaciation   Hex/Ice        #.........   100%        5    ######.
 Yara's Violent Unravell  Hex/Tmut       #.........   100%        5    ######.


Dungeon Overview and Level Annotations

Branches:
Dungeon (10/15)
 Temple: D:4-7         Lair: D:8-11         Orc: D:9-12

Altars:
Cheibriados
Makhleb
Ru
Sif Muna
Trog

Annotations:
D:5 2 transporters, emiel's ghost, novice OgBe


Innate Abilities, Weirdness & Mutations

You are resistant to damage.
You can heal yourself by infusing magical energy.
You passively map the area around you.
You do not regenerate.


Message History

You hit the ancient zyme but do no damage.
The ancient zyme barely misses you. The ancient zyme hits you!
* * * LOW HITPOINT WARNING * * *
Unknown command.
Unknown command.
You see here a javelin.
Unknown command.
Unknown command.
You feel much better. The ancient zyme hits you!
* * * LOW HITPOINT WARNING * * *
You block the ancient zyme's attack.
You feel ill.
You hit the ancient zyme but do no damage.
The ancient zyme is heavily damaged.
The ancient zyme hits you!
* * * LOW HITPOINT WARNING * * *
You block the ancient zyme's attack.
You slash the ancient zyme!
The ancient zyme is severely damaged.
You block the ancient zyme's attack. The ancient zyme hits you!
You die...

.... ....###. .# #
. .# ..... ..
#.... ... ....
.#.... .. . .. .#
#... #.. ..#. . .
# .#..|## ###....
# . ...#..... . .
##.#....... .. . #
###..##.... .. .
#.#.@..# #####..
..
#.?x.#..#.###...##
. #..#..###.# . .
#...##..#.
.#....## #..#
..##.## # . . ...#
. .##... . .. ....
#.# .... . .. ##.#
. ... .. . .. . .
.


You could see an ancient zyme.

Vanquished Creatures
  A two-headed ogre (D:9)
  Urug (D:10)
  A wizard (D:10)
  Pikel (D:5)
  A rust devil (Abyss:2)
  Psyche (D:8)
  2 trolls
  5 yaks
  3 hogs (D:7)
  A human (D:7)
  A hungry ghost (D:7)
  A water moccasin (D:9)
  A black bear (D:7)
  A hornet zombie (D:6)
  An orc warrior (D:8)
  2 ice beasts
  3 sky beasts
  A phantom (D:7)
  2 ogres (D:8)
  2 necrophages
  3 centaurs
  4 bullfrogs
  A water moccasin zombie (D:6)
  12 scorpions
  9 killer bees
  3 electric eels (D:6)
  2 centaur zombies (Ossuary)
  3 crimson imps
  A quasit (D:9)
  A centaur skeleton (D:9)
  3 hounds
  4 human zombies (Ossuary)
  2 orc priests
  2 jellies
  4 orc wizards
  A bullfrog skeleton (D:8)
  A worker ant (D:10)
  3 big kobold zombies (Ossuary)
  A hound zombie (D:9)
  3 mummies (Ossuary)
  A worker ant zombie (D:8)
  13 gnolls
  2 scorpion zombies (Ossuary)
  8 adders
  A shadow imp (D:7)
  2 oozes
  A worm (D:3)
  A dart slug (D:2)
  5 leopard geckos
  14 orcs
  A giant cockroach (D:2)
  5 goblins
  A hobgoblin (D:2)
  4 jackals
  6 kobolds
  4 quokkas
  4 bats
  4 frilled lizards
  A gnoll zombie (Ossuary)
  3 goblin zombies (Ossuary)
  2 hobgoblin zombies (Ossuary)
  2 jackal skeletons (D:5)
  A kobold zombie (Ossuary)
  3 leopard gecko skeletons
  An orc zombie (Ossuary)
  4 rats
189 creatures vanquished.

Vanquished Creatures (others)
  A jackal (D:8)
1 creature vanquished.

Grand Total: 190 creatures vanquished

Notes
Turn   | Place    | Note
-------+----------+-------------------------------------------
     0 | D:1      | poirepourri the Deep Dwarf Fighter began the quest for the
                  | Orb.
     0 | D:1      | Reached XP level 1. HP: 20/20 MP: 1/1
   168 | D:1      | Reached skill level 3 in Axes
   168 | D:1      | Reached XP level 2. HP: 22/27 MP: 2/2
   721 | D:2      | Noticed a sky beast
   738 | D:2      | Killed a sky beast
   738 | D:2      | Reached skill level 5 in Axes
   738 | D:2      | Reached XP level 3. HP: 28/33 MP: 2/2
   738 | D:2      | Reached XP level 4. HP: 34/40 MP: 3/3
  1055 | D:2      | Reached XP level 5. HP: 37/46 MP: 3/3
  1062 | D:2      | Found a sacrificial altar of Ru.
  1234 | D:3      | Found a snail-covered altar of Cheibriados.
  1295 | D:3      | Reached skill level 6 in Axes
  1569 | D:3      | You fall through a shaft for 2 floors!
  1569 | D:5      | Entered Level 5 of the Dungeon
  1569 | D:5      | Found a transporter.
  1578 | D:5      | Noticed emiel's ghost (novice OgBe)
  1587 | D:5      | Found a transporter.
  1643 | D:5      | Reached skill level 7 in Axes
  1643 | D:5      | Reached XP level 6. HP: 41/55 MP: 3/3
  1706 | D:5      | Noticed an ice beast
  1722 | D:5      | Killed an ice beast
  1722 | D:5      | Reached skill level 8 in Axes
  1823 | D:5      | Reached XP level 7. HP: 47/61 MP: 4/4
  1833 | D:5      | Noticed Pikel
  1851 | D:5      | Killed Pikel
  1851 | D:5      | Reached skill level 10 in Axes
  1913 | D:5      | Reached XP level 8. HP: 55/68 MP: 5/5
  2190 | D:6      | HP: 2/68 [electric eel/bolt of electricity (10)]
  2235 | D:6      | Found a sand-covered staircase.
  2247 | Ossuary  | Entered an ossuary
  2284 | Ossuary  | Reached skill level 11 in Axes
  2356 | Ossuary  | Reached skill level 12 in Axes
  2539 | Ossuary  | Gained mutation: You passively map the area around you.
                  | [Deep Dwarf growth]
  2539 | Ossuary  | Reached XP level 9. HP: 46/74 MP: 5/5
  2669 | D:6      | Found a deep blue altar of Sif Muna.
  2895 | D:6      | Reached skill level 13 in Axes
  3322 | D:7      | Found a bloodstained altar of Trog.
  3578 | D:7      | Reached skill level 5 in Fighting
  3996 | D:8      | Reached XP level 10. HP: 68/94 MP: 3/3
  4253 | D:8      | Noticed Psyche
  4260 | D:8      | Killed Psyche
  4267 | D:8      | Found a burning altar of Makhleb.
  4283 | D:8      | Became a worshipper of Makhleb the Destroyer
  4856 | D:9      | Reached * piety under Makhleb
  4856 | D:9      | Reached skill level 10 in Fighting
  4888 | D:9      | Found a sacrificial altar of Ru.
  5185 | D:9      | Noticed a two-headed ogre
  5199 | D:9      | Killed a two-headed ogre
  5465 | D:10     | Entered Level 10 of the Dungeon
  5490 | D:10     | Noticed a wizard
  5491 | D:10     | Noticed Urug
  5509 | D:10     | Killed a wizard
  5521 | D:10     | Killed Urug
  5521 | D:10     | Reached skill level 5 in Evocations
  5521 | D:10     | Reached XP level 11. HP: 8/110 MP: 1/5
  5524 | D:10     | HP: 7/165 [gnoll/spear (5)]
  5557 | D:10     | Noticed an enchanted double sword
  5573 | D:10     | Noticed a wizard
  5593 | D:10     | Cast into level 2 of the Abyss (a wizard)
  5657 | Abyss:2  | Slain by an ancient zyme

Skill      XL: |  1  2  3  4  5  6  7  8  9 10 11 |
---------------+----------------------------------+-----
Axes           | 3 5 7 8 10 12 13 | 13.1
Fighting       | 7 10 | 10.6
Evocations     | 5 6 |  6.2
Armour         | |  3.2
Shields        | |  3.2

Action                   |  1- 3 |  4- 6 |  7- 9 | 10-12 || total
-------------------------+-------+-------+-------+-------++-------
Melee: War axe           |    35 |   209 |   402 |   229 ||   875
Throw: Javelin           |       |       |       |     1 ||     1
 Abil: Heal Wounds       |     1 |     6 |    14 |    14 ||    35
  Use: Scroll            |     3 |     2 |     4 |    14 ||    23
       Potion            |       |       |    10 |     7 ||    17
 Stab: Invisible         |       |       |       |     4 ||     4
  Eat: Ration            |       |     1 |     4 |     2 ||     7
       Chunk             |       |       |     1 |       ||     1
Armor: Scale mail        |    23 |    76 |   145 |    60 ||   304
Dodge: Dodged            |    17 |    76 |   120 |    63 ||   276
Block: Shield            |    12 |   111 |   179 |   172 ||   474
